 Dungeon Crawl Stone Soup version 0.29.0-4-gdea44cf6ec (webtiles) character file.

Game seed: 6911116486139875363

295 qw the Chopper (level 6, 0/35 HPs)
             Began as a Tengu Warper on Aug 28, 2022.
             Succumbed to Sigmund's poison
             ... on level 3 of the Dungeon.
             The game lasted 00:00:12 (2336 turns).

qw the Chopper (Tengu Warper)                       Turns: 2336, Time: 00:00:12

Health: 0/35       AC:  6    Str: 13    XL:     6   Next: 34%
Magic:  10/10      EV: 13    Int: 17    God:
Gold:   123        SH:  0    Dex: 18    Spells: 9/9 levels left

rFire   . . .      SeeInvis .   Y - +0 hand axe
rCold   . . .      Faith    .   (no shield)
rNeg    . . .      Spirit   .   j - +0 ring mail
rPois   .          Reflect  .   (helmet restricted)
rElec   .          Harm     .   l - +0 cloak
rCorr   .          Rampage  .   (no gloves)
Will    .....                   (boots unavailable)
Stlth   +.........              (no amulet)
HPRegen 0.11/turn               i - +6 ring of dexterity
MPRegen 0.12/turn               (no ring)

@: lethally poisoned (0 -> -3), flying quickly and evasively, quick
A: beak, talons 3, nimble flight, clever 1, wild magic 1
a: no special abilities


You were on level 3 of the Dungeon.
You visited 1 branch of the dungeon, and saw 3 of its levels.

You collected 123 gold pieces.


Innate Abilities, Weirdness & Mutations

You have a beak for a mouth.
You have claws for feet.
Your magical nature lets you fly swiftly and evasively.
Your mind is acute. (Int +4, Str/Dex -1)
Your spells are a little harder to cast, but a little more powerful.


   Skills:
 - Level 2.0 Fighting
 - Level 7.1 Axes
 - Level 1.0 Throwing
 - Level 1.1 Armour
 + Level 2.1 Dodging
 - Level 2.0 Spellcasting
 - Level 2.4 Translocations


You had 9 spell levels left.
You didn't know any spells.
Your spell library contained the following spells:

 Spells                   Type           Power      Damage    Failure   Level
 Blink                    Tloc           24%        N/A       32%         2
 Gell's Gravitas          Tloc           12%        N/A       52%         3
 Lesser Beckoning         Tloc           12%        N/A       52%         3
 Teleport Other           Tloc           12%        N/A       52%         3
 Manifold Assault         Tloc           12%        N/A       99%         5

Inventory:

Hand Weapons
 c - a +0 whip
 Y - a +0 hand axe (weapon)
Armour
 j - a +0 ring mail (worn)
 l - a +0 cloak (worn)
Jewellery
 i - a +6 ring of dexterity (left hand)
Scrolls
 a - a scroll of identify
Potions
 d - a potion of berserk rage {unknown}
 e - a potion of attraction {unknown}
 g - a potion of curing {unknown}
 h - a potion of might {unknown}
 k - a potion of mutation

Dungeon Overview and Level Annotations

Branches:
Dungeon (3/15)

Altars:


Message History

Sigmund is moderately wounded.
Sigmund casts a spell at you. The puff of flame hits you.
You hit Sigmund. You peck Sigmund.
Sigmund is severely wounded.
Sigmund misses you.
You hit Sigmund but do no damage.
Sigmund is severely wounded.
Sigmund closely misses you.
You hit Sigmund. You claw Sigmund, but do no damage. You peck Sigmund.
Sigmund is almost dead.
You closely miss Sigmund.
Sigmund is almost dead.
Sigmund looks at you with fury.
Sigmund hits you with a +5 scythe of venom!
You are lethally poisoned!
You closely miss Sigmund.
Sigmund is almost dead.
You feel very sick. Sigmund closely misses you.
You closely miss Sigmund. Your peck misses Sigmund.
Sigmund is almost dead.
You feel very sick.
You hit Sigmund. Your kick misses Sigmund. You peck Sigmund.
You kill Sigmund!
You feel sick.
Your Axes skill gained 2 levels and is now at level 7!
You have reached level 6!
You completely miss the endoplasm. You peck the endoplasm.
The endoplasm is severely wounded.
You feel sick. The endoplasm freezes you.
You are frozen.
You hit the endoplasm.
You claw the endoplasm, but do no damage.
The endoplasm is almost dead.
You feel sick. The endoplasm closely misses you.
You hit the endoplasm.
You kill the endoplasm!
You die...

## .# #.
.. #. .#
#. .# #.
.# #. .# #
#.#)##.#
#.@....#
##...###.
#<........
##...###..


#.PPPP #.P.P.. #.P.PPPP #.P.? #.P.P. There were no monsters in sight!

Vanquished Creatures
  Sigmund (D:3)
  An ogre (D:2)
  An adder (D:2)
  3 dart slugs
  2 ball pythons
  3 endoplasms
  3 giant cockroaches
  3 goblins (D:2)
  4 hobgoblins
  4 quokkas
  4 bats
  4 frilled lizards
  4 kobolds
  2 rats (D:1)
39 creatures vanquished.

Notes
Turn   | Place    | Note
-------+----------+-------------------------------------------
     0 | D:1      | qw the Tengu Warper began the quest for the Orb.
     0 | D:1      | Reached XP level 1. HP: 12/12 MP: 4/4
     0 | D:1      | 0 ||| qw: Version: 0.1-a-89-g26bdef1
     0 | D:1      | 0 ||| qw: Game counter: 1182
     0 | D:1      | 0 ||| qw: Always use a shield: true
     0 | D:1      | 0 ||| qw: God list: Okawaru
     0 | D:1      | 0 ||| qw: Allow faded altars: false
     0 | D:1      | 0 ||| qw: Do Orc after D:15 true
     0 | D:1      | 0 ||| qw: Do second Lair branch before Depths: true
     0 | D:1      | 0 ||| qw: Lair rune preference: random
     0 | D:1      | 0 ||| qw: Plans: Normal
     0 | D:1      | 0 ||| PLANNING D:1-11
    25 | D:1      | 25 ||| Stepping ~*~*~tactically~*~*~ (stealth).
    28 | D:1      | 28 ||| Stepping ~*~*~tactically~*~*~ (stealth).
    96 | D:1      | Reached XP level 2. HP: 17/17 MP: 6/6
   114 | D:1      | Reached skill level 3 in Axes
   498 | D:1      | 498 ||| Stepping ~*~*~tactically~*~*~ (stealth).
   505 | D:1      | 505 ||| Stepping ~*~*~tactically~*~*~ (stealth).
   736 | D:1      | Found a faded altar of an unknown god.
   831 | D:1      | Reached XP level 3. HP: 21/21 MP: 7/7
  1165 | D:1      | 1165 ||| UPGRADING to +0 ring mail.
  1175 | D:1      | 1175 ||| DROPPING +0 leather armour.
  1176 | D:1      | 1176 ||| UPGRADING to +6 ring of dexterity.
  1177 | D:1      | 1177 ||| READING 2 scrolls labelled JOYTWOWOHE.
  1178 | D:1      | 1178 ||| DROPPING scroll of blinking.
  1195 | D:2      | Reached skill level 4 in Axes
  1220 | D:2      | HP: 5/21 [poisoned by an adder]
  1453 | D:2      | 1453 ||| DROPPING +0 club.
  1490 | D:2      | Noticed an ogre
  1499 | D:2      | HP: 4/21 [ogre/+0 giant club (11)]
  1500 | D:2      | Killed an ogre
  1501 | D:2      | Reached skill level 5 in Axes
  1501 | D:2      | Reached XP level 4. HP: 5/26 MP: 8/8
  1501 | D:2      | Gained mutation: Your magical nature lets you fly swiftly
                  | and evasively. [Tengu growth]
  1501 | D:2      | Reached XP level 5. HP: 6/30 MP: 9/9
  1750 | D:2      | 1750 ||| Stepping ~*~*~tactically~*~*~ (hiding).
  1852 | D:2      | 1852 ||| Stepping ~*~*~tactically~*~*~ (hiding).
  1853 | D:2      | 1853 ||| Stepping ~*~*~tactically~*~*~ (hiding).
  2001 | D:2      | 2001 ||| Stepping ~*~*~tactically~*~*~ (stealth).
  2003 | D:2      | 2003 ||| Stepping ~*~*~tactically~*~*~ (stealth).
  2011 | D:2      | 2011 ||| Stepping ~*~*~tactically~*~*~ (stealth).
  2034 | D:2      | 2034 ||| Stepping ~*~*~tactically~*~*~ (stealth).
  2286 | D:2      | 2286 ||| UPGRADING to +0 cloak.
  2291 | D:2      | 2291 ||| READING scroll labelled BYURUW XEULO.
  2292 | D:2      | 2292 ||| READING scroll labelled YRUPI ROMILIUMNI.
  2293 | D:2      | 2293 ||| READING scroll labelled BOSIVUU OWNACS.
  2294 | D:2      | 2294 ||| DRINKING 2 grey potions.
  2294 | D:2      | Gained mutation: Your spells are a little harder to cast,
                  | but a little more powerful. [potion of mutation]
  2294 | D:2      | Gained mutation: Your mind is acute. (Int +4, Str/Dex -1)
                  | [potion of mutation]
  2318 | D:3      | Noticed Sigmund
  2332 | D:3      | HP: 6/30 [poisoned by Sigmund]
  2333 | D:3      | Killed Sigmund
  2334 | D:3      | Reached skill level 7 in Axes
  2334 | D:3      | Reached XP level 6. HP: 6/35 MP: 10/10
  2334 | D:3      | HP: 2/35 [frozen (2)]
  2336 | D:3      | Succumbed to Sigmund's poison

Levels and vault maps discovered:
D:1:      dpeg_arrival_boxorama, layout_basic, dreamdust_ecumenical_altar_grove,
          minmay_misc_feat_nine_boxes
D:2:      layout_rooms
D:3:      layout_loops_cross, jmf_multi_god_temple2, minmay_hedge_maze,
          uniq_sigmund, uniq_ijyb

Skill      XL: |  1  2  3  4  5 |
---------------+----------------+-----
Axes           | 3 5 7 |  7.1
Fighting       | |  2.0
Throwing       | |  1.0
Armour         | |  1.1
Dodging        | |  2.1
Spellcasting   | |  2.0
Translocations | |  2.4

Action                   |  1- 3 |  4- 6 || total
-------------------------+-------+-------++-------
Melee: Hand axe          |    76 |    35 ||   111
       Kick              |    16 |     4 ||    20
       Peck              |     7 |     8 ||    15
       Punch             |     2 |       ||     2
Throw: Boomerang         |     7 |       ||     7
  Use: Scroll            |     1 |     3 ||     4
       Potion            |       |     1 ||     1
Armor: Leather armour    |     8 |       ||     8
       Ring mail         |     5 |     3 ||     8
Dodge: Dodged            |    29 |    21 ||    50

Table legend:
 A = Non-vault XP
 B = Vault XP
 C = Vault XP percentage of total XP
 D = Non-vault monster count
 E = Vault monster count
 F = Vault count percentage of total count
                 A         B        C        D         E       F
            +---------+---------+-------+---------+---------+-------
      Total |     210 |     214 |  50.5 |      38 |       1 |   2.6
            +---------+---------+-------+---------+---------+-------
        D:1 |      43 |       0 |   0.0 |      24 |       0 |   0.0
        D:2 |     165 |       0 |   0.0 |      13 |       0 |   0.0
        D:3 |       2 |     214 |  99.1 |       1 |       1 |  50.0
            +---------+---------+-------+---------+---------+-------
